 Dungeon Crawl Stone Soup version 0.21.1-1-g345015f (webtiles) character file.

208 zishaf the Skirmisher (level 5, -5/51 HPs)
             Began as a Minotaur Berserker on May 18, 2018.
             Was an Initiate of Okawaru.
             Killed by the fiery rage of Trog (34 damage)
             ... on level 4 of the Dungeon.
             The game lasted 00:04:06 (2383 turns).

zishaf the Skirmisher (Minotaur Berserker)          Turns: 2383, Time: 00:04:06

Health: -5/51      AC:  5    Str: 19 (22) XL:     5   Next: 55%
Magic:  13/13      EV:  8    Int:  4      God:    Okawaru [......]
Gold:   111        SH:  7    Dex: 10      Spells: 4/4 levels left

rFire    . . .     SeeInvis .   a - +0 hand axe
rCold    . . .     Gourm    .   f - +0 shield
rNeg     . . .     Faith    .   g - +0 ring mail
rPois    .         Spirit   .   (helmet restricted)
rElec    .         Reflect  .   (no cloak)
rCorr    .         Harm     .   (no gloves)
MR       .....                  (no boots)
Stlth    ..........             (no amulet)
HPRegen  0.17/turn              b - ring of magical power
MPRegen  0.13/turn              (no ring)

@: no status effects
A: retaliatory headbutt, horns 2
a: Renounce Religion


You were on level 4 of the Dungeon.
You worshipped Okawaru.
Okawaru was noncommittal.
You were not hungry.

You visited 1 branch of the dungeon, and saw 4 of its levels.

You collected 111 gold pieces.

Inventory:

Hand Weapons
 a - a +0 hand axe (weapon)
Armour
 f - a +0 shield (worn)
 g - a +0 ring mail (worn)
Jewellery
 b - a ring of magical power (left hand)
 o - an uncursed ring of ice
Scrolls
 d - 2 scrolls of remove curse {unknown}
 h - a scroll of teleportation {unknown}
 k - 2 scrolls of random uselessness {unknown}
 m - 2 scrolls of identify {unknown}
 n - a scroll of magic mapping {unknown}
 q - a scroll of fear {unknown}
Potions
 e - a potion of resistance {unknown}
 i - a potion of magic {unknown}
 j - a potion of curing
 l - a potion of haste {unknown}
 r - a potion of degeneration {unknown}
Comestibles
 c - 11 rations
 p - 2 chunks of flesh


   Skills:
 + Level 6.4 Fighting
 - Level 5.0 Axes
 + Level 2.8 Armour
 - Level 2.1 Dodging
 + Level 1.1 Shields


You had 4 spell levels left.
You didn't know any spells.

Dungeon Overview and Level Annotations

Branches:
Dungeon (4/15)
 Temple: D:4-7

Altars:
Hepliaklqana
Makhleb
Okawaru
Ru
Xom


Innate Abilities, Weirdness & Mutations

You reflexively headbutt those who attack you in melee.
You have a pair of horns on your head.


Message History

You feel sick.
* * * LOW HITPOINT WARNING * * *
You feel sick.
* * * LOW HITPOINT WARNING * * *
You feel sick.
* * * LOW HITPOINT WARNING * * *
You feel sick.
* * * LOW HITPOINT WARNING * * *
You feel sick.
There is a lethal amount of poison in your body!
It was a potion of curing.
You feel better.
You start resting.
Eating one of 7 chunks of flesh.
You eat one of the 7 chunks of flesh.
This raw flesh tastes terrible.
Some of the chunks of flesh in your inventory have rotted away.
You feel Trog's fiery rage upon you!
There is a sudden and violent explosion of flames!
The fireball engulfs you!
Ouch! That really hurt!
You die...

#.#.#### .(
.#..#.##. .
....... ...
####.#..##....
##.#....#.......#
................#
....#..#....#...
# ##..#...##
#@..#....#
#..#####.#
####..# .#
#.....# # .
#<###.#.####..
#.# #......#
#..........#
######.....#
.....#


There were no monsters in sight!

Vanquished Creatures
  3 worker ants
  A gnoll (D:1)
  6 adders
  An ooze (D:3)
  2 worms
  A dart slug (D:2)
  2 leopard geckos (D:1)
  3 orcs (D:3)
  A ball python (D:1)
  8 bats
  4 giant cockroaches
  A goblin (D:1)
  7 hobgoblins
  12 kobolds
  3 quokkas (D:3)
  2 frilled lizards
  5 rats
62 creatures vanquished.

Notes
Turn   | Place    | Note
-------+----------+-------------------------------------------
     0 | D:1      | zishaf the Minotaur Berserker began the quest for the Orb.
     0 | D:1      | Reached XP level 1. HP: 19/19 MP: 0/0
   273 | D:1      | Reached XP level 2. HP: 15/27 MP: 1/1
   614 | D:1      | Reached skill level 4 in Fighting
   837 | D:2      | Reached XP level 3. HP: 29/33 MP: 2/2
   941 | D:2      | Reached skill level 5 in Axes
   988 | D:2      | Reached ** piety under Trog
  1222 | D:2      | Found a hazy altar of Hepliaklqana.
  1225 | D:2      | Found a sacrificial altar of Ru.
  1228 | D:2      | Found a shimmering altar of Xom.
  1259 | D:2      | Found a faded altar of an unknown god.
  1299 | D:2      | Reached XP level 4. HP: 41/41 MP: 3/3
  1303 | D:2      | Reached skill level 5 in Fighting
  1322 | D:2      | Found a burning altar of Makhleb.
  1324 | D:2      | Noticed a green death
  1937 | D:3      | Found an iron altar of Okawaru.
  1953 | D:3      | Fell from the grace of Trog
  1955 | D:3      | Became a worshipper of Warmaster Okawaru
  1981 | D:3      | Reached skill level 6 in Fighting
  1981 | D:3      | Reached XP level 5. HP: 46/50 MP: 4/4
  2250 | D:4      | Reached skill level 1 in Shields
  2258 | D:4      | HP: 2/51 [poisoned by a worker ant]
  2383 | D:4      | Killed by the fiery rage of Trog

Skill      XL: |  1  2  3  4  5 |
---------------+----------------+-----
Axes           | 4 5 |  5.0
Fighting       | 4 6 |  6.4
Shields        | 1 |  1.1
Armour         | |  2.8
Dodging        | |  2.1

Action                   |  1- 3 |  4- 6 || total
-------------------------+-------+-------++-------
Melee: Hand axe          |    72 |    90 ||   162
       Headbutt          |     5 |    12 ||    17
Invok: Renounce Religion |       |     1 ||     1
  Use: Potion            |       |     1 ||     1
  Eat: Chunk             |     1 |     4 ||     5
Armor: Ring mail         |    30 |    35 ||    65
Dodge: Dodged            |    30 |    36 ||    66
Block: Shield            |    22 |    37 ||    59
